[ AOE2 MATCH · #504804624 ]
UnrankedVikings vs Mongols
Player's team · WIN
Rival team · LOSS
[ REPLAY ANALYSIS · EXTRACTED FROM THE RECORDED GAME ]
Feudal
8:52
Castle
—
Imperial
—
| APM avg | 73.4 |
| APM peak | 109 |
| eAPM avg | 41.7 |
| Villagers / military | 42 / 10 |
Focus
⚔️ 52.1% · 🌾 47.9%
Archer ×7 · Militia ×3
Feudal
15:13
Castle
—
Imperial
—
| APM avg | 61.8 |
| APM peak | 89 |
| eAPM avg | 23.6 |
| Villagers / military | 35 / 4 |
Focus
⚔️ 32.1% · 🌾 67.9%
Militia ×4
Match map
Initial resources + every placement click. Lines = walls · curves = elevation contours. ◆ gold · ⬟ stone · ● berries · ✦ relic · ◌ wall gap
Your base· Open — 9t gap
Nobody's base· Open — 4t gap
Smoothed initial terrain · ◌ = detected wall gap · hover for details
Inputs per minute
— Mettiu - - Nobody
Build order — Mettiu
85 actions detected in the replay
| 0:00 | Create | Villager (Male) ×4 |
| 0:01 | Build | House |
| 0:02 | Build | House |
| 1:23 | Create | Villager (Male) |
| 1:52 | Build | Lumber Camp |
| 1:58 | Create | Villager (Male) |
| 2:13 | Create | Villager (Male) |
| 2:43 | Create | Villager (Male) |
| 3:04 | Create | Villager (Male) |
| 3:34 | Create | Villager (Male) |
| 3:47 | Build | House |
| 3:56 | Create | Villager (Male) |
| 4:18 | Create | Villager (Male) |
| 4:34 | Create | Villager (Male) |
| 4:45 | Build | Barracks |
| 4:51 | Build | Palisade Wall |
| 5:00 | Create | Villager (Male) |
| 5:04 | Create | Villager (Male) |
| 5:09 | Research | Loom |
| 5:40 | Build | House |
| 5:46 | Build | House |
| 6:13 | Build | House |
| 6:42 | Research | Feudal Age |
| 7:10 | Create | Militia |
| 7:23 | Create | Militia |
| 7:40 | Build | Mining Camp |
| 8:04 | Build | Mill |
| 8:06 | Build | Mill |
| 8:09 | Build | Palisade Wall |
| 8:10 | Build | Palisade Wall |
| 8:20 | Build | Palisade Wall |
| 8:21 | Build | Palisade Wall |
| 8:23 | Build | Palisade Wall |
| 8:24 | Build | Palisade Wall |
| 8:27 | Create | Militia |
| 8:37 | Create | Villager (Male) |
| 8:42 | Build | Palisade Wall |
| 8:48 | Build | Palisade Wall |
| 8:52 | Age | Feudal Age |
| 9:10 | Create | Villager (Male) |
| 9:12 | Build | Farm |
| 9:40 | Create | Villager (Male) |
| 9:44 | Build | Archery Range |
| 10:02 | Build | Farm |
| 10:06 | Create | Villager (Male) |
| 10:06 | Create | Villager (Male) |
| 10:20 | Build | House |
| 10:24 | Create | Archer |
| 10:31 | Create | Villager (Male) |
| 10:36 | Build | Farm |
| 10:54 | Build | Farm |
| 10:58 | Build | House |
| 11:00 | Create | Villager (Male) |
| 11:08 | Create | Archer |
| 11:31 | Create | Villager (Male) |
| 11:41 | Create | Villager (Male) |
| 11:42 | Build | Farm |
| 11:44 | Build | Farm |
| 11:46 | Create | Archer |
| 11:57 | Research | Man-at-Arms (upgrade) |
| 12:04 | Build | Farm |
| 12:13 | Build | Farm |
| 12:28 | Create | Archer |
| 12:33 | Create | Villager (Male) |
| 12:46 | Create | Villager (Male) |
| 12:48 | Build | Farm |
| 13:04 | Create | Archer |
| 13:08 | Build | Farm |
| 13:23 | Create | Villager (Male) |
| 13:37 | Create | Archer |
| 13:47 | Create | Villager (Male) ×4 |
| 14:13 | Create | Archer |
| 14:14 | Create | Villager (Male) ×3 |
| 14:16 | Build | House |
| 14:19 | Research | Town Watch |
| 14:36 | Build | Farm |
| 14:38 | Build | House |
| 14:39 | Build | House |
| 14:43 | Create | Villager (Male) |
| 14:44 | Research | Double-Bit Axe |
| 14:50 | Create | Villager (Male) |
| 15:02 | Create | Villager (Male) ×5 |
| 15:41 | Create | Villager (Male) |
| 15:43 | Build | Blacksmith |
| 15:47 | Build | Farm |
Build order — Nobody
98 actions detected in the replay
| 0:00 | Create | Villager (Male) |
| 0:01 | Create | Villager (Male) |
| 0:02 | Build | House |
| 0:03 | Build | House |
| 0:05 | Create | Villager (Male) |
| 0:07 | Create | Villager (Male) |
| 1:28 | Create | Villager (Male) |
| 1:28 | Create | Villager (Male) |
| 1:43 | Create | Villager (Male) |
| 2:07 | Create | Villager (Male) |
| 2:41 | Create | Villager (Male) |
| 3:11 | Create | Villager (Male) |
| 3:24 | Build | House |
| 3:29 | Create | Villager (Male) |
| 3:42 | Build | Palisade Wall |
| 3:42 | Build | Palisade Wall |
| 3:43 | Build | Palisade Wall |
| 3:54 | Create | Villager (Male) |
| 4:00 | Build | Barracks |
| 4:05 | Create | Villager (Male) |
| 4:08 | Build | Palisade Wall |
| 4:09 | Build | Palisade Wall |
| 4:35 | Create | Villager (Male) |
| 4:56 | Build | House |
| 5:06 | Create | Militia |
| 5:06 | Create | Militia |
| 5:20 | Build | House |
| 5:25 | Create | Villager (Male) |
| 5:39 | Create | Villager (Male) |
| 5:53 | Build | Mill |
| 5:55 | Create | Villager (Male) |
| 5:58 | Build | Palisade Wall |
| 6:01 | Create | Militia |
| 6:01 | Create | Militia |
| 6:03 | Create | Villager (Male) |
| 6:24 | Build | House |
| 6:26 | Build | Palisade Wall |
| 6:36 | Create | Villager (Male) |
| 6:44 | Create | Villager (Male) |
| 7:24 | Build | Palisade Wall |
| 7:32 | Build | Palisade Wall |
| 7:33 | Build | Palisade Wall |
| 7:39 | Research | Loom |
| 7:51 | Build | Palisade Wall |
| 7:56 | Build | Palisade Wall |
| 8:18 | Build | Lumber Camp |
| 8:19 | Create | Villager (Male) |
| 8:31 | Build | Palisade Wall |
| 8:37 | Create | Villager (Male) |
| 8:48 | Create | Villager (Male) |
| 9:01 | Create | Villager (Male) |
| 9:10 | Create | Villager (Male) |
| 9:11 | Build | Palisade Wall |
| 9:17 | Build | Farm |
| 9:36 | Create | Villager (Male) |
| 9:50 | Build | Lumber Camp |
| 9:51 | Create | Villager (Male) |
| 10:02 | Build | House |
| 10:05 | Create | Villager (Male) |
| 10:18 | Build | Farm |
| 10:31 | Build | Farm |
| 10:41 | Build | Farm |
| 10:53 | Build | Farm |
| 10:55 | Create | Villager (Male) |
| 11:01 | Create | Villager (Male) |
| 11:03 | Build | Farm |
| 11:23 | Build | Palisade Wall |
| 11:44 | Create | Villager (Male) |
| 11:50 | Build | Farm |
| 11:57 | Create | Villager (Male) |
| 11:59 | Build | Farm |
| 12:02 | Build | Farm |
| 12:24 | Build | Farm |
| 12:26 | Create | Villager (Male) |
| 12:32 | Build | House |
| 12:50 | Build | House |
| 12:52 | Build | House |
| 13:03 | Research | Feudal Age |
| 13:03 | Research | Feudal Age |
| 13:03 | Research | Feudal Age |
| 13:03 | Research | Feudal Age |
| 13:03 | Research | Feudal Age |
| 13:13 | Build | Mining Camp |
| 13:22 | Build | House |
| 13:24 | Build | House |
| 13:28 | Build | House |
| 13:41 | Build | House |
| 13:42 | Build | House |
| 13:49 | Build | House |
| 13:53 | Build | House |
| 14:17 | Build | House |
| 14:27 | Build | House |
| 14:39 | Build | House |
| 15:13 | Age | Feudal Age |
| 15:20 | Build | Archery Range |
| 15:28 | Build | Watch Tower |
| 15:29 | Create | Villager (Male) |
| 15:33 | Create | Villager (Male) |
Match timeline
| 3:42 | Nobody · wall_segment Palisade Wall x1 |
| 3:42 | Nobody · wall_segment Palisade Wall x1 |
| 3:43 | Nobody · wall_segment Palisade Wall x1 |
| 4:00 | Nobody · first_building Barracks |
| 4:08 | Nobody · wall_segment Palisade Wall x1 |
| 4:09 | Nobody · wall_segment Palisade Wall x1 |
| 4:45 | Mettiu · first_building Barracks |
| 4:51 | Mettiu · wall_segment Palisade Wall x1 |
| 5:58 | Nobody · wall_segment Palisade Wall x3 |
| 6:26 | Nobody · wall_segment Palisade Wall x2 |
| 7:24 | Nobody · wall_segment Palisade Wall x8 |
| 7:32 | Nobody · wall_segment Palisade Wall x3 |
| 7:33 | Nobody · wall_segment Palisade Wall x3 |
| 7:51 | Nobody · wall_segment Palisade Wall x9 |
| 7:56 | Nobody · wall_segment Palisade Wall x17 |
| 8:09 | Mettiu · wall_segment Palisade Wall x1 |
| 8:10 | Mettiu · wall_segment Palisade Wall x1 |
| 8:20 | Mettiu · wall_segment Palisade Wall x1 |
| 8:21 | Mettiu · wall_segment Palisade Wall x1 |
| 8:23 | Mettiu · wall_segment Palisade Wall x1 |
| 8:24 | Mettiu · wall_segment Palisade Wall x1 |
| 8:31 | Nobody · wall_segment Palisade Wall x1 |
| 8:42 | Mettiu · wall_segment Palisade Wall x2 |
| 8:48 | Mettiu · wall_segment Palisade Wall x1 |
| 8:52 | Mettiu · age_up feudal |
| 9:11 | Nobody · wall_segment Palisade Wall x1 |
| 9:44 | Mettiu · first_building Archery Range |
| 11:23 | Nobody · wall_segment Palisade Wall x1 |
| 15:13 | Nobody · age_up feudal |
| 15:20 | Nobody · first_building Archery Range |
| 16:01 | Nobody · resign |
[ AI ANALYSIS · 1 CREDIT ]
What really happened in this match?
Wolo.gg analyzes every decision: build order, eco, micro, common mistakes by bracket. Personalized analysis on WhatsApp or Discord in 30 seconds.
Civ guide
Vikings
Perfil
Jugador #211777